Canadiens vs Panthers

Created - November 1 2011 at 17:22

Goals
1 2 3 T
Canadiens 1 1 2 4
Panthers 1 0 0 1
Shots
1 2 3 T
Canadiens 6 11 8 25
Panthers 16 5 11 32

Period #1

1. Canadiens , Ville Leino 4 (Brandon Dubinsky, Travis Hamonic) at 15:31
2. Panthers , Jason Blake 1 (Mike Santorelli) at 15:41

Penalties :
Travis Hamonic (MTL) for Roughing (Minor) at 0:09, Dustin Penner (FLA) for Tripping (Minor) at 5:08, Andy Greene (FLA) for Slashing (Minor) at 13:27, Ryan Smyth (FLA) for Cross-checking (Minor) at 18:38

Period #2

3. Canadiens , Ville Leino 5 (Brandon Dubinsky, Rob Scuderi) at 10:06

Penalties :
Anton Volchenkov (FLA) for Boarding (Minor) at 1:27, Ryan OByrne (FLA) for Roughing (Minor) at 5:00, Dave Bolland (FLA) for Holding (Minor) at 5:11, Aaron Rome (MTL) for High sticking (Minor) at 14:30, Andrew MacDonald (FLA) for Tripping (Minor) at 19:37

Period #3

4. Canadiens , Logan Couture 2 (Dustin Byfuglien, Andy McDonald) at 13:38
5. Canadiens , Jonathan Toews 3 (Travis Hamonic, Jordan Eberle) at 17:20

Penalties :
Dustin Byfuglien (MTL) for Hooking (Minor) at 8:32

Goalie Stats

Jonas Hiller (MTL), 31 saves from 32 shots - (0.969), W, 5-4-0, 60:00 minutes
Corey Crawford (FLA), 21 saves from 25 shots - (0.840), L, 2-9-2, 60:00 minutes

Players Stats

Canadiens
Player Name              G  A  P  +/- PIM S  H  SB FO    MP 
------------------------------------------------------------
Aaron Rome               0  0  0   1  2   0  4  0  0/0   17 
Andy McDonald            0  1  1   1  0   2  0  1  10/21 15 
Brandon Dubinsky         0  2  2   1  0   1  1  0  0/0   18 
Bryan Little             0  0  0   0  0   1  0  0  3/8   8  
David Perron             0  0  0   1  0   1  2  0  1/3   19 
Dustin Byfuglien         0  1  1   1  2   5  2  0  0/2   21 
Henrik Tallinder         0  0  0   1  0   1  0  1  0/0   15 
Jonathan Toews           1  0  1   1  0   5  1  0  15/31 22 
Jordan Eberle            0  1  1   1  0   1  1  0  0/0   19 
Logan Couture            1  0  1   1  0   3  0  0  3/5   12 
Manny Malhotra           0  0  0   1  0   1  1  0  4/11  15 
Marc-Edouard Vlasic      0  0  0   1  0   0  1  2  0/0   23 
Mason Raymond            0  0  0   0  0   0  0  0  0/1   11 
Nick Schultz             0  0  0   0  0   0  3  1  0/0   8  
Rob Scuderi              0  1  1   1  0   0  0  0  0/0   18 
Tom Poti                 0  0  0   1  0   1  5  1  0/0   20 
Travis Hamonic           0  2  2   1  2   1  4  0  0/0   20 
Ville Leino              2  0  2   1  0   2  0  0  0/0   15 
Panthers
Player Name              G  A  P  +/- PIM S  H  SB FO    MP 
------------------------------------------------------------
Andrew MacDonald         0  0  0  -1  2   2  0  1  0/0   22 
Andy Greene              0  0  0  -2  2   0  0  1  0/0   21 
Anton Volchenkov         0  0  0   0  2   0  0  0  0/0   17 
Brian Rafalski           0  0  0   0  0   3  0  1  0/0   20 
Chris Drury              0  0  0   0  0   1  2  0  10/20 19 
Cory Stillman            0  0  0   0  0   2  0  0  0/1   14 
Dave Bolland             0  0  0   0  2   6  1  0  18/25 19 
David Steckel            0  0  0   0  0   0  0  0  0/0   0  
Dustin Penner            0  0  0  -2  2   4  0  0  2/7   19 
Jason Blake              1  0  1  -1  0   3  2  2  0/1   5  
Jason Garrison           0  0  0  -2  0   0  3  1  0/0   21 
Kyle Quincey             0  0  0  -1  0   1  0  0  0/0   4  
Matt Cullen              0  0  0   0  0   2  0  0  1/3   19 
Mike Santorelli          0  1  1  -3  0   1  1  0  13/20 19 
Ryan OByrne              0  0  0   0  2   0  2  1  0/0   15 
Ryan Smyth               0  0  0   0  2   1  0  0  0/2   19 
Sam Gagner               0  0  0  -2  0   3  0  1  1/2   17 
Sergei Shirokov          0  0  0  -1  0   3  0  0  1/1   16 

3 Stars

1 - Ville Leino (MTL)
2 - Jonas Hiller (MTL)
3 - Brandon Dubinsky (MTL)

Power Play

Canadiens - 0 on 7 Attempt(s) - 0.00%
Panthers - 0 on 3 Attempt(s) - 0.00%

Penalty Kill

Canadiens - 3 on 3 Attempt(s) - 100.00% - Score 0 goal in Penalty Kill
Panthers - 7 on 7 Attempt(s) - 100.00% - Score 0 goal in Penalty Kill

Game Notes

No Game Note

Finance

Level 1 -- Attendance: 6000 (100.00%) -- Ticket Income $420,000.00
Level 2 -- Attendance: 5000 (100.00%) -- Ticket Income $150,000.00
Level 3 -- Attendance: 3386 (96.74%) -- Ticket Income $67,720.00
Level 4 -- Attendance: 2987 (79.65%) -- Ticket Income $29,870.00
Luxury Box -- Attendance: 1000 (100.00%) -- Ticket Income $150,000.00
Game was played at the BankAtlantic Center
Total Attendance: 18373 (95.44%)
Total Ticket Income: $820,832.10
Other Income: $191,042.40
Total Income: $1,011,874.00


Play by Play

Period #1

0:01 of 1st period - Logan Couture wins face-off versus Dave Bolland in neutral zone.
0:03 of 1st period - Off-side.
0:04 of 1st period - Dave Bolland wins face-off versus Jonathan Toews in neutral zone.
0:09 of 1st period - Minor Penalty to Travis Hamonic for Roughing.
0:10 of 1st period - Mike Santorelli wins face-off versus Andy McDonald in Canadiens zone.
0:38 of 1st period - Off-side.
0:39 of 1st period - Jonathan Toews wins face-off versus Cory Stillman in neutral zone.
0:59 of 1st period - Icing by Brian Rafalski.
1:00 of 1st period - Jonathan Toews wins face-off versus Dave Bolland in Panthers zone.
1:09 of 1st period - Shot by Dave Bolland.
1:09 of 1st period - Deflect By Cory Stillman.
1:09 of 1st period - Stopped by Jonas Hiller without a rebound.
1:10 of 1st period - Mike Santorelli wins face-off versus Andy McDonald in Canadiens zone.
1:10 of 1st period - Mike Santorelli is hit by Aaron Rome.
1:18 of 1st period - Shot by Dustin Penner.
1:18 of 1st period - Deflect By Mike Santorelli.
1:18 of 1st period - Stopped by Jonas Hiller with a rebound.
1:42 of 1st period - Shot by Jason Garrison.
1:42 of 1st period - Deflect By Dustin Penner.
1:42 of 1st period - Stopped by Jonas Hiller without a rebound.
1:43 of 1st period - Andy McDonald wins face-off versus Dave Bolland in Canadiens zone.
1:58 of 1st period - Shot by Cory Stillman.
1:58 of 1st period - Shot Misses the Net.
2:00 of 1st period - Shot by Dave Bolland.
2:00 of 1st period - Shot Misses the Net.
2:08 of 1st period - Shot by Cory Stillman.
2:08 of 1st period - Stopped by Jonas Hiller without a rebound.
2:09 of 1st period - Jonathan Toews wins face-off versus Chris Drury in Canadiens zone.
2:20 of 1st period - Shot by Jonathan Toews.
2:20 of 1st period - Stopped by Corey Crawford without a rebound.
2:21 of 1st period - Mike Santorelli wins face-off versus Bryan Little in Panthers zone.
2:29 of 1st period - Tom Poti is hit by Jason Garrison and loses puck.
2:35 of 1st period - Dustin Penner is hit by Nick Schultz and loses puck.
2:38 of 1st period - Shot by Sam Gagner.
2:38 of 1st period - Stopped by Jonas Hiller with a rebound.
2:43 of 1st period - Icing by Dustin Byfuglien.
2:44 of 1st period - Chris Drury wins face-off versus Bryan Little in Canadiens zone.
2:53 of 1st period - Shot by Sergei Shirokov.
2:53 of 1st period - Shot Misses the Net.
3:22 of 1st period - Shot by Matt Cullen.
3:22 of 1st period - Shot Misses the Net.
3:24 of 1st period - Shot by Sergei Shirokov.
3:24 of 1st period - Stopped by Jonas Hiller with a rebound.
3:50 of 1st period - Shot by Dave Bolland.
3:50 of 1st period - Stopped by Jonas Hiller without a rebound.
3:51 of 1st period - Manny Malhotra wins face-off versus Dustin Penner in Canadiens zone.
4:10 of 1st period - Shot by Brandon Dubinsky.
4:10 of 1st period - Shot Blocked by Jason Garrison.
4:12 of 1st period - Shot by Manny Malhotra.
4:12 of 1st period - Shot Misses the Net.
4:14 of 1st period - Shot by Brandon Dubinsky.
4:14 of 1st period - Stopped by Corey Crawford without a rebound.
4:15 of 1st period - Dave Bolland wins face-off versus Logan Couture in Panthers zone.
4:43 of 1st period - Shot by Dave Bolland.
4:43 of 1st period - Shot Blocked by Andy McDonald.
4:53 of 1st period - Shot by Ryan Smyth.
4:53 of 1st period - Stopped by Jonas Hiller without a rebound.
4:54 of 1st period - Jonathan Toews wins face-off versus Mike Santorelli in Canadiens zone.
5:05 of 1st period - Shot by Dustin Penner.
5:05 of 1st period - Stopped by Jonas Hiller with a rebound.
5:08 of 1st period - Minor Penalty to Dustin Penner for Tripping.
5:09 of 1st period - Jonathan Toews wins face-off versus Chris Drury in Panthers zone.
5:40 of 1st period - Shot by Jordan Eberle.
5:40 of 1st period - Shot Misses the Net.
6:25 of 1st period - Icing by Dustin Byfuglien.
6:26 of 1st period - Logan Couture wins face-off versus Matt Cullen in Canadiens zone.
7:25 of 1st period - Icing by Anton Volchenkov.
7:26 of 1st period - Chris Drury wins face-off versus Manny Malhotra in Panthers zone.
8:20 of 1st period - Shot by Dustin Penner.
8:20 of 1st period - Stopped by Jonas Hiller without a rebound.
8:21 of 1st period - Mike Santorelli wins face-off versus Jonathan Toews in Canadiens zone.
8:24 of 1st period - Shot by Sergei Shirokov.
8:24 of 1st period - Shot Misses the Net.
8:26 of 1st period - Shot by Kyle Quincey.
8:26 of 1st period - Shot Misses the Net.
8:30 of 1st period - Shot by Jason Blake.
8:30 of 1st period - Stopped by Jonas Hiller without a rebound.
8:31 of 1st period - Dave Bolland wins face-off versus Bryan Little in Canadiens zone.
8:31 of 1st period - Brian Rafalski is hit by Tom Poti.
8:56 of 1st period - Shot by Bryan Little.
8:56 of 1st period - Deflect By Dustin Byfuglien.
8:56 of 1st period - Stopped by Corey Crawford without a rebound.
8:57 of 1st period - Jonathan Toews wins face-off versus Chris Drury in Panthers zone.
9:20 of 1st period - Shot by Matt Cullen.
9:20 of 1st period - Stopped by Jonas Hiller with a rebound.
9:22 of 1st period - Shot by Chris Drury.
9:22 of 1st period - Stopped by Jonas Hiller without a rebound.
9:23 of 1st period - Andy McDonald wins face-off versus Mike Santorelli in Canadiens zone.
9:34 of 1st period - Shot by Logan Couture.
9:34 of 1st period - Deflect By Andy McDonald.
9:34 of 1st period - Shot Blocked by Andy Greene.
10:27 of 1st period - Dave Bolland is hit by Travis Hamonic and loses puck.
10:32 of 1st period - Shot by Cory Stillman.
10:32 of 1st period - Shot Hit the Post.
10:34 of 1st period - Shot by Brian Rafalski.
10:34 of 1st period - Shot Blocked by Marc-Edouard Vlasic.
11:26 of 1st period - Icing by Chris Drury.
11:27 of 1st period - Chris Drury wins face-off versus Dustin Byfuglien in Panthers zone.
11:33 of 1st period - Sergei Shirokov is hit by Nick Schultz and loses puck.
12:19 of 1st period - David Perron is hit by Jason Garrison and loses puck.
13:14 of 1st period - Icing by Andy Greene.
13:15 of 1st period - Andy McDonald wins face-off versus Mike Santorelli in Panthers zone.
13:27 of 1st period - Minor Penalty to Andy Greene for Slashing.
13:28 of 1st period - Dave Bolland wins face-off versus Andy McDonald in Panthers zone.
13:47 of 1st period - Icing by Marc-Edouard Vlasic.
13:48 of 1st period - Dave Bolland wins face-off versus Logan Couture in Canadiens zone.
13:53 of 1st period - Shot by Dave Bolland.
13:53 of 1st period - Stopped by Jonas Hiller without a rebound.
13:54 of 1st period - Dave Bolland wins face-off versus Jonathan Toews in Canadiens zone.
14:11 of 1st period - Shot by Andrew MacDonald.
14:11 of 1st period - Stopped by Jonas Hiller without a rebound.
14:12 of 1st period - Andy McDonald wins face-off versus Chris Drury in Canadiens zone.
14:37 of 1st period - Shot by Logan Couture.
14:37 of 1st period - Deflect By Andy McDonald.
14:37 of 1st period - Stopped by Corey Crawford without a rebound.
14:38 of 1st period - Jonathan Toews wins face-off versus Dave Bolland in Panthers zone.
15:04 of 1st period - Icing by Jonathan Toews.
15:05 of 1st period - Chris Drury wins face-off versus Jonathan Toews in Canadiens zone.
15:31 of 1st period - Shot by Ville Leino.
15:31 of 1st period - Goal by Ville Leino - Canadiens : 1 - Panthers : 0.
15:32 of 1st period - Mike Santorelli wins face-off versus Manny Malhotra in neutral zone.
15:41 of 1st period - Shot by Jason Blake.
15:41 of 1st period - Goal by Jason Blake - Canadiens : 1 - Panthers : 1.
15:42 of 1st period - Bryan Little wins face-off versus Chris Drury in neutral zone.
16:42 of 1st period - Shot by Sam Gagner.
16:42 of 1st period - Shot Blocked by Nick Schultz.
18:30 of 1st period - Cory Stillman is hit by Travis Hamonic and loses puck.
18:38 of 1st period - Minor Penalty to Ryan Smyth for Cross-checking.
18:39 of 1st period - Chris Drury wins face-off versus Andy McDonald in Panthers zone.
18:50 of 1st period - Shot by Andy McDonald.
18:50 of 1st period - Shot Misses the Net.
19:34 of 1st period - Shot by David Perron.
19:34 of 1st period - Deflect By Jonathan Toews.
19:34 of 1st period - Stopped by Corey Crawford without a rebound.
19:35 of 1st period - Dustin Penner wins face-off versus Jonathan Toews in Panthers zone.
19:35 of 1st period - Dustin Penner is hit by Jonathan Toews.

Period #2

0:01 of 2nd period - Dave Bolland wins face-off versus Andy McDonald in neutral zone.
0:38 of 2nd period - Shot by Logan Couture.
0:38 of 2nd period - Shot Misses the Net.
0:41 of 2nd period - Icing by Anton Volchenkov.
0:42 of 2nd period - Manny Malhotra wins face-off versus Chris Drury in Panthers zone.
1:27 of 2nd period - Minor Penalty to Anton Volchenkov for Boarding.
1:28 of 2nd period - Jonathan Toews wins face-off versus Dave Bolland in Panthers zone.
1:29 of 2nd period - Shot by Travis Hamonic.
1:29 of 2nd period - Stopped by Corey Crawford without a rebound.
1:30 of 2nd period - Dave Bolland wins face-off versus David Perron in Panthers zone.
1:30 of 2nd period - Dave Bolland is hit by David Perron.
1:52 of 2nd period - Ryan Smyth is hit by Jordan Eberle and loses puck.
3:20 of 2nd period - Shot by Jonathan Toews.
3:20 of 2nd period - Deflect By David Perron.
3:20 of 2nd period - Stopped by Corey Crawford without a rebound.
3:21 of 2nd period - Andy McDonald wins face-off versus Dustin Penner in Panthers zone.
3:24 of 2nd period - Shot by Dustin Byfuglien.
3:24 of 2nd period - Stopped by Corey Crawford without a rebound.
3:25 of 2nd period - Jonathan Toews wins face-off versus Dustin Penner in Panthers zone.
3:46 of 2nd period - Shot by Ville Leino.
3:46 of 2nd period - Shot Blocked by Jason Blake.
4:15 of 2nd period - Icing by Dustin Penner.
4:16 of 2nd period - Bryan Little wins face-off versus Mike Santorelli in Panthers zone.
4:29 of 2nd period - Shot by Dustin Byfuglien.
4:29 of 2nd period - Shot Misses the Net.
4:31 of 2nd period - Shot by Mason Raymond.
4:31 of 2nd period - Shot Misses the Net.
4:35 of 2nd period - Shot by Dustin Byfuglien.
4:35 of 2nd period - Stopped by Corey Crawford without a rebound.
4:36 of 2nd period - Chris Drury wins face-off versus Jonathan Toews in Panthers zone.
4:36 of 2nd period - Chris Drury is hit by David Perron.
4:51 of 2nd period - Sergei Shirokov is hit by Marc-Edouard Vlasic and loses puck.
4:59 of 2nd period - Travis Hamonic is hit by Ryan OByrne and loses puck.
5:00 of 2nd period - Minor Penalty to Ryan OByrne for Roughing.
5:01 of 2nd period - Dave Bolland wins face-off versus Andy McDonald in Panthers zone.
5:11 of 2nd period - Minor Penalty to Dave Bolland for Holding.
5:12 of 2nd period - Jonathan Toews wins face-off versus Dustin Penner in Panthers zone.
5:20 of 2nd period - Icing by Jordan Eberle.
5:21 of 2nd period - Dustin Penner wins face-off versus Jonathan Toews in Canadiens zone.
6:00 of 2nd period - Logan Couture is hit by Chris Drury and loses puck.
6:13 of 2nd period - Shot by Tom Poti.
6:13 of 2nd period - Shot Misses the Net.
6:15 of 2nd period - Shot by Dustin Byfuglien.
6:15 of 2nd period - Shot Misses the Net.
6:19 of 2nd period - Shot by Logan Couture.
6:19 of 2nd period - Shot Misses the Net.
6:21 of 2nd period - Shot by Tom Poti.
6:21 of 2nd period - Stopped by Corey Crawford without a rebound.
6:22 of 2nd period - Andy McDonald wins face-off versus Dustin Penner in Panthers zone.
6:45 of 2nd period - Shot by Logan Couture.
6:45 of 2nd period - Stopped by Corey Crawford with a rebound.
7:19 of 2nd period - Shot by Sergei Shirokov.
7:19 of 2nd period - Stopped by Jonas Hiller without a rebound.
7:20 of 2nd period - Matt Cullen wins face-off versus Manny Malhotra in Canadiens zone.
7:45 of 2nd period - Matt Cullen is hit by Manny Malhotra and loses puck.
8:16 of 2nd period - Shot by Dave Bolland.
8:16 of 2nd period - Stopped by Jonas Hiller without a rebound.
8:17 of 2nd period - David Perron wins face-off versus Mike Santorelli in Canadiens zone.
10:04 of 2nd period - Shot by Ville Leino.
10:04 of 2nd period - Shot Misses the Net.
10:06 of 2nd period - Shot by Ville Leino.
10:06 of 2nd period - Goal by Ville Leino - Canadiens : 2 - Panthers : 1.
10:07 of 2nd period - Jonathan Toews wins face-off versus Ryan Smyth in neutral zone.
11:20 of 2nd period - Icing by Henrik Tallinder.
11:21 of 2nd period - Andy McDonald wins face-off versus Chris Drury in Canadiens zone.
11:29 of 2nd period - Andy McDonald is hit by Ryan OByrne and loses puck.
11:34 of 2nd period - Shot by Andy McDonald.
11:34 of 2nd period - Stopped by Corey Crawford with a rebound.
11:38 of 2nd period - Shot by Logan Couture.
11:38 of 2nd period - Stopped by Corey Crawford without a rebound.
11:39 of 2nd period - Chris Drury wins face-off versus Manny Malhotra in Panthers zone.
11:50 of 2nd period - Aaron Rome is hit by Jason Blake and loses puck.
12:05 of 2nd period - Shot by Sergei Shirokov.
12:05 of 2nd period - Stopped by Jonas Hiller without a rebound.
12:06 of 2nd period - Dave Bolland wins face-off versus Bryan Little in Canadiens zone.
12:45 of 2nd period - Dustin Byfuglien is hit by Dave Bolland and loses puck.
13:53 of 2nd period - Shot by Manny Malhotra.
13:53 of 2nd period - Stopped by Corey Crawford without a rebound.
13:54 of 2nd period - Mike Santorelli wins face-off versus Jonathan Toews in Panthers zone.
14:13 of 2nd period - Shot by David Perron.
14:13 of 2nd period - Shot Blocked by Sam Gagner.
14:15 of 2nd period - Shot by Jonathan Toews.
14:15 of 2nd period - Stopped by Corey Crawford without a rebound.
14:16 of 2nd period - Manny Malhotra wins face-off versus Dave Bolland in Panthers zone.
14:19 of 2nd period - Shot by Ville Leino.
14:19 of 2nd period - Shot Misses the Net.
14:30 of 2nd period - Minor Penalty to Aaron Rome for High sticking.
14:31 of 2nd period - Andy McDonald wins face-off versus Dave Bolland in Canadiens zone.
14:46 of 2nd period - Shot by Brian Rafalski.
14:46 of 2nd period - Stopped by Jonas Hiller without a rebound.
14:47 of 2nd period - Mike Santorelli wins face-off versus Jonathan Toews in Canadiens zone.
16:24 of 2nd period - Shot by Dustin Penner.
16:24 of 2nd period - Deflect By Sam Gagner.
16:24 of 2nd period - Shot Misses the Net.
16:37 of 2nd period - Icing by Marc-Edouard Vlasic.
16:38 of 2nd period - Jonathan Toews wins face-off versus Jason Blake in Canadiens zone.
16:44 of 2nd period - Icing by David Perron.
16:45 of 2nd period - Chris Drury wins face-off versus David Perron in Canadiens zone.
16:45 of 2nd period - Chris Drury is hit by Travis Hamonic.
16:47 of 2nd period - Shot by Sergei Shirokov.
16:47 of 2nd period - Shot Misses the Net.
16:49 of 2nd period - Shot by Anton Volchenkov.
16:49 of 2nd period - Shot Misses the Net.
17:54 of 2nd period - Icing by Jonathan Toews.
17:55 of 2nd period - Mike Santorelli wins face-off versus Jonathan Toews in Canadiens zone.
18:18 of 2nd period - Shot by Sam Gagner.
18:18 of 2nd period - Stopped by Jonas Hiller with a rebound.
18:26 of 2nd period - Jason Garrison is hit by Dustin Byfuglien and loses puck.
18:34 of 2nd period - Icing by Sam Gagner.
18:35 of 2nd period - Mike Santorelli wins face-off versus Manny Malhotra in Panthers zone.
18:35 of 2nd period - Mike Santorelli is hit by Brandon Dubinsky.
19:19 of 2nd period - Matt Cullen is hit by Aaron Rome and loses puck.
19:37 of 2nd period - Minor Penalty to Andrew MacDonald for Tripping.
19:38 of 2nd period - Dave Bolland wins face-off versus Andy McDonald in Panthers zone.

Period #3

0:01 of 3rd period - Dave Bolland wins face-off versus Andy McDonald in neutral zone.
1:10 of 3rd period - Off-side.
1:11 of 3rd period - Dave Bolland wins face-off versus Jonathan Toews in neutral zone.
1:40 of 3rd period - Shot by Manny Malhotra.
1:40 of 3rd period - Shot Blocked by Jason Blake.
1:51 of 3rd period - Jason Blake is hit by Aaron Rome and loses puck.
2:40 of 3rd period - Shot by Bryan Little.
2:40 of 3rd period - Stopped by Corey Crawford without a rebound.
2:41 of 3rd period - Andy McDonald wins face-off versus Matt Cullen in Panthers zone.
2:41 of 3rd period - Logan Couture is hit by Jason Garrison and loses puck.
2:50 of 3rd period - Shot by Andy Greene.
2:50 of 3rd period - Shot Blocked by Henrik Tallinder.
2:52 of 3rd period - Shot by Andy Greene.
2:52 of 3rd period - Shot Misses the Net.
2:56 of 3rd period - Shot by Sam Gagner.
2:56 of 3rd period - Stopped by Jonas Hiller without a rebound.
2:57 of 3rd period - Dave Bolland wins face-off versus Jonathan Toews in Canadiens zone.
3:06 of 3rd period - Shot by Dave Bolland.
3:06 of 3rd period - Stopped by Jonas Hiller without a rebound.
3:07 of 3rd period - Mike Santorelli wins face-off versus Jonathan Toews in Canadiens zone.
3:11 of 3rd period - Shot by Dustin Penner.
3:11 of 3rd period - Shot Misses the Net.
3:13 of 3rd period - Shot by Jason Garrison.
3:13 of 3rd period - Shot Misses the Net.
3:38 of 3rd period - Icing by Jason Garrison.
3:39 of 3rd period - Sam Gagner wins face-off versus Manny Malhotra in Panthers zone.
4:07 of 3rd period - Icing by Rob Scuderi.
4:08 of 3rd period - Dave Bolland wins face-off versus Manny Malhotra in Canadiens zone.
4:13 of 3rd period - Shot by Ryan Smyth.
4:13 of 3rd period - Shot Misses the Net.
4:15 of 3rd period - Shot by Ryan Smyth.
4:15 of 3rd period - Deflect By Dave Bolland.
4:15 of 3rd period - Stopped by Jonas Hiller without a rebound.
4:16 of 3rd period - Chris Drury wins face-off versus Andy McDonald in Canadiens zone.
4:16 of 3rd period - Chris Drury is hit by Tom Poti.
4:54 of 3rd period - Shot by Matt Cullen.
4:54 of 3rd period - Shot Misses the Net.
6:25 of 3rd period - Shot by Ville Leino.
6:25 of 3rd period - Shot Blocked by Andrew MacDonald.
6:27 of 3rd period - Shot by Manny Malhotra.
6:27 of 3rd period - Shot Misses the Net.
7:01 of 3rd period - Shot by Mike Santorelli.
7:01 of 3rd period - Deflect By Dustin Penner.
7:01 of 3rd period - Shot Misses the Net.
7:07 of 3rd period - Shot by Andy Greene.
7:07 of 3rd period - Shot Hit the Post.
7:19 of 3rd period - Shot by Dustin Penner.
7:19 of 3rd period - Stopped by Jonas Hiller without a rebound.
7:20 of 3rd period - Mike Santorelli wins face-off versus Andy McDonald in Canadiens zone.
7:39 of 3rd period - Shot by Sam Gagner.
7:39 of 3rd period - Shot Misses the Net.
7:41 of 3rd period - Shot by Kyle Quincey.
7:41 of 3rd period - Stopped by Jonas Hiller without a rebound.
7:42 of 3rd period - Jonathan Toews wins face-off versus Chris Drury in Canadiens zone.
7:49 of 3rd period - Shot by Jonathan Toews.
7:49 of 3rd period - Shot Blocked by Ryan OByrne.
7:57 of 3rd period - Marc-Edouard Vlasic is hit by Chris Drury and loses puck.
8:04 of 3rd period - Shot by Sergei Shirokov.
8:04 of 3rd period - Deflect By Matt Cullen.
8:04 of 3rd period - Stopped by Jonas Hiller without a rebound.
8:05 of 3rd period - Mike Santorelli wins face-off versus Dustin Byfuglien in Canadiens zone.
8:05 of 3rd period - Dustin Penner is hit by Tom Poti and loses puck.
8:32 of 3rd period - Minor Penalty to Dustin Byfuglien for Hooking.
8:33 of 3rd period - Dave Bolland wins face-off versus Jonathan Toews in Canadiens zone.
9:40 of 3rd period - Mason Raymond is hit by Mike Santorelli and loses puck.
10:01 of 3rd period - Shot by Brian Rafalski.
10:01 of 3rd period - Stopped by Jonas Hiller without a rebound.
10:02 of 3rd period - Dave Bolland wins face-off versus Jonathan Toews in Canadiens zone.
10:13 of 3rd period - Shot by Dave Bolland.
10:13 of 3rd period - Deflect By Ryan Smyth.
10:13 of 3rd period - Shot Blocked by Marc-Edouard Vlasic.
10:15 of 3rd period - Shot by Brian Rafalski.
10:15 of 3rd period - Stopped by Jonas Hiller without a rebound.
10:16 of 3rd period - Dave Bolland wins face-off versus Andy McDonald in Canadiens zone.
10:46 of 3rd period - Icing by Nick Schultz.
10:47 of 3rd period - Chris Drury wins face-off versus Mason Raymond in Canadiens zone.
10:51 of 3rd period - Icing by Nick Schultz.
10:52 of 3rd period - Bryan Little wins face-off versus Chris Drury in Canadiens zone.
11:00 of 3rd period - Matt Cullen is hit by Tom Poti and loses puck.
11:08 of 3rd period - Sergei Shirokov is hit by Tom Poti and loses puck.
12:18 of 3rd period - Sam Gagner is hit by Aaron Rome and loses puck.
12:58 of 3rd period - Shot by Cory Stillman.
12:58 of 3rd period - Shot Misses the Net.
13:00 of 3rd period - Shot by Andrew MacDonald.
13:00 of 3rd period - Stopped by Jonas Hiller without a rebound.
13:01 of 3rd period - Logan Couture wins face-off versus Mike Santorelli in Canadiens zone.
13:03 of 3rd period - Andy McDonald is hit by Jason Blake and loses puck.
13:30 of 3rd period - Shot by Logan Couture.
13:30 of 3rd period - Shot Misses the Net.
13:32 of 3rd period - Shot by Henrik Tallinder.
13:32 of 3rd period - Stopped by Corey Crawford with a rebound.
13:36 of 3rd period - Shot by Dustin Byfuglien.
13:36 of 3rd period - Stopped by Corey Crawford with a rebound.
13:38 of 3rd period - Shot by Logan Couture.
13:38 of 3rd period - Goal by Logan Couture - Canadiens : 3 - Panthers : 1.
13:39 of 3rd period - Jonathan Toews wins face-off versus Chris Drury in neutral zone.
14:16 of 3rd period - Shot by Jordan Eberle.
14:16 of 3rd period - Stopped by Corey Crawford with a rebound.
14:31 of 3rd period - Matt Cullen is hit by Dustin Byfuglien and loses puck.
16:46 of 3rd period - Shot by Jonathan Toews.
16:46 of 3rd period - Stopped by Corey Crawford without a rebound.
16:47 of 3rd period - Andy McDonald wins face-off versus Ryan Smyth in Panthers zone.
16:48 of 3rd period - Shot by Logan Couture.
16:48 of 3rd period - Shot Blocked by Brian Rafalski.
16:50 of 3rd period - Shot by Dustin Byfuglien.
16:50 of 3rd period - Shot Misses the Net.
16:54 of 3rd period - Shot by Dustin Byfuglien.
16:54 of 3rd period - Shot Misses the Net.
16:56 of 3rd period - Shot by Logan Couture.
16:56 of 3rd period - Shot Misses the Net.
17:12 of 3rd period - Shot by Dustin Byfuglien.
17:12 of 3rd period - Stopped by Corey Crawford without a rebound.
17:13 of 3rd period - Jonathan Toews wins face-off versus Mike Santorelli in Panthers zone.
17:20 of 3rd period - Shot by Jonathan Toews.
17:20 of 3rd period - Goal by Jonathan Toews - Canadiens : 4 - Panthers : 1.
17:21 of 3rd period - Sergei Shirokov wins face-off versus Bryan Little in neutral zone.
17:23 of 3rd period - Ryan OByrne is hit by Nick Schultz and loses puck.
17:28 of 3rd period - Shot by Dave Bolland.
17:28 of 3rd period - Shot Misses the Net.
17:30 of 3rd period - Shot by Dave Bolland.
17:30 of 3rd period - Stopped by Jonas Hiller with a rebound.
17:32 of 3rd period - Shot by Sergei Shirokov.
17:32 of 3rd period - Shot Blocked by Tom Poti.
17:36 of 3rd period - Shot by Jason Blake.
17:36 of 3rd period - Stopped by Jonas Hiller without a rebound.
17:37 of 3rd period - Mike Santorelli wins face-off versus Jonathan Toews in Canadiens zone.
18:20 of 3rd period - Matt Cullen is hit by Travis Hamonic and loses puck.
19:30 of 3rd period - Icing by Manny Malhotra.
19:31 of 3rd period - Manny Malhotra wins face-off versus Sam Gagner in Canadiens zone.


Output by the SimonT Hockey Simulator (STHS) for Stephane Roy -- Original Page W3C XHTML 1.0 Valid